 Dungeon Crawl Stone Soup version 0.23-b1-3-gdda8187 (webtiles) character file.

Game seed: 1387246139885508896

4277 chorionicmirror the Carver (level 10, -6/92 HPs)
             Began as a Minotaur Fighter on Jan 31, 2019.
             Was a Priest of Okawaru.
             Mangled by an ogre
             ... wielding the +11 great mace "Someb" {crush, SInv}
              (11 damage)
             ... on level 8 of the Dungeon.
             The game lasted 00:26:11 (6642 turns).

chorionicmirror the Carver (Minotaur Fighter)       Turns: 6642, Time: 00:26:11

Health: -6/92      AC: 11    Str: 22    XL:     10   Next: 10%
Magic:  9/9        EV: 12    Int:  5    God:    Okawaru [***...]
Gold:   150        SH: 11    Dex: 15    Spells: 9/9 levels left

rFire    . . .     SeeInvis +   a - +1 long sword (freeze)
rCold    + + .     Gourm    .   c - +1 shield
rNeg     . . .     Faith    .   s - +4 ring mail of Honour {rC++}
rPois    .         Spirit   .   (helmet restricted)
rElec    .         Reflect  .   (no cloak)
rCorr    .         Harm     .   (no gloves)
MR       .....                  z - +0 pair of boots
Stlth    +.........             e - amulet of rage
HPRegen  0.25/turn              A - +3 ring of dexterity
MPRegen  0.11/turn              y - ring of see invisible

@: lethally poisoned (-6 -> -17), berserk cooldown, slowed, very slow
A: retaliatory headbutt, horns 2
a: Heroism, Renounce Religion, Evoke Berserk Rage


You were on level 8 of the Dungeon.
You worshipped Okawaru.
Okawaru was most pleased with you.
You were not hungry.

You visited 2 branches of the dungeon, and saw 9 of its levels.

You collected 410 gold pieces.
You spent 260 gold pieces at shops.

Inventory:

Hand Weapons
 a - a +1 long sword of freezing (weapon)
 u - a +3 flail of crushing
Armour
 c - a +1 shield (worn)
 s - the +4 ring mail of Honour (worn) {rC++}
   (You found it on level 5 of the Dungeon)

   It greatly protects you from cold.
 z - a +0 pair of boots (worn)
 B - a +0 large shield
Jewellery
 e - an amulet of rage (around neck)
 y - a ring of see invisible (right hand)
 A - a +3 ring of dexterity (left hand)
Wands
 b - a wand of random effects (20)
 p - a wand of iceblast (8)
Scrolls
 g - 4 scrolls of identify
 i - 7 scrolls of remove curse
 o - a scroll of amnesia
 w - 5 scrolls of teleportation
Potions
 d - 2 potions of might
 h - 2 potions of flight
 j - 3 potions of cancellation
 k - a potion of curing
 l - a potion of ambrosia
 m - a potion of haste
 n - 3 potions of resistance
 r - 4 potions of berserk rage
 t - a potion of brilliance
 x - a potion of mutation
Comestibles
 f - 8 rations
 C - 2 chunks of flesh


   Skills:
 + Level 9.7 Fighting
 * Level 12.6 Long Blades
 - Level 5.0 Armour
 - Level 5.1 Dodging
 + Level 5.6 Shields


You had 9 spell levels left.
You didn't know any spells.
Your spell library was empty.

Dungeon Overview and Level Annotations

Branches:
Dungeon (8/15)             Temple (1/1) D:6
   Lair: D:8-11

Altars:
Ashenzari
Cheibriados
Dithmenos
Elyvilon
Fedhas
Gozag
Hepliaklqana
Kikubaaqudgha
Makhleb
Nemelex Xobeh
Okawaru
Qazlal
Sif Muna
Trog
Uskayaw
Vehumet
Wu Jian
Xom
Yredelemnul
The Shining One

Shops:
D:5 ?

Annotations:
D:8 1 transporter


Innate Abilities, Weirdness & Mutations

You reflexively headbutt those who attack you in melee.
You have a pair of horns on your head.


Message History

The ogre is almost dead.
You feel very sick.
The ogre hits you with the +11 great mace "Someb" {crush, SInv}!!
* * * LOW HITPOINT WARNING * * *
x2 The ogre misses you.
You furiously retaliate!
You headbutt the ogre!
You riposte.
You hit the ogre but do no damage.
The ogre is heavily wounded.
You feel much better.
You feel very sick.
The ogre hits you with the +11 great mace "Someb" {crush, SInv}!!
* * * LOW HITPOINT WARNING * * *
x2 You block the ogre's attack.
Okay, then.
Okay, then.
* * * LOW HITPOINT WARNING * * *
You feel very sick.
* * * LOW HITPOINT WARNING * * *
You feel sick.
The ogre hits you with the +11 great mace "Someb" {crush, SInv}!
You die...

.#.#######.###.# #.#...#
)#.#######.....# #.#.###
)#...[......##.#####.#.#
.#..............#......#
.............#.#########
###..........#.#©.....#
############.#.#..##..#
#.#8#8#_#_##...#.#..#.#
8.#.#.#.#.##[#.#@#..#.#
...........#..©#OO##/.#
...........#...#())..©#
8.#.#.#.#.##..©#[.##..#
#_#_###⌠#.##...#.#..#.#
##### ######)..#.#..#.#
..#.#
#........#..##..###########
..#.#
#........#......#..........
..#.#
#........########÷.........


You could see 2 ogres.

Vanquished Creatures
  A two-headed ogre (D:8)
  The ghost of coffee the Covert, a novice SpAK of Lugonu (D:8)
  The ghost of Roran the Changer, a novice NaTm of Gozag (D:5)
  2 wyverns (D:8)
  Edmund (D:6)
  4 ice beasts
  A phantom (D:5)
  2 centaurs
  2 ogres (D:8)
  4 bullfrogs
  3 scorpions
  6 killer bees
  5 wights (D:8)
  2 crimson imps (D:5)
  A quasit (D:8)
  A centaur zombie (D:8)
  4 hounds
  An orc priest (D:8)
  8 orc wizards
  Crazy Yiuf (D:6)
  Jessica (D:3)
  Natasha (D:3)
  2 iguanas
  3 worker ants
  A worker ant zombie (D:6)
  4 gnolls (D:5)
  2 adders
  A shadow imp (D:7)
  A worm (D:2)
  2 dart slugs (D:4)
  5 leopard geckos
  20 orcs
  A ball python (D:1)
  8 bats
  3 giant cockroaches
  3 goblins
  4 hobgoblins
  7 jackals
  7 kobolds
  4 quokkas
  8 frilled lizards
  A jackal zombie (D:8)
  A leopard gecko skeleton (D:4)
  A quokka skeleton (D:6)
  A quokka zombie (D:5)
  10 rats
153 creatures vanquished.

Notes
Turn   | Place    | Note
-------+----------+-------------------------------------------
     0 | D:1      | chorionicmirror the Minotaur Fighter began the quest for
                  | the Orb.
     0 | D:1      | Reached XP level 1. HP: 19/19 MP: 0/0
   309 | D:1      | Reached XP level 2. HP: 27/27 MP: 1/1
   466 | D:1      | Reached skill level 3 in Long Blades
  1057 | D:2      | Reached XP level 3. HP: 32/33 MP: 2/2
  1775 | D:3      | Noticed Jessica
  1786 | D:3      | Killed Jessica
  1786 | D:3      | Reached XP level 4. HP: 19/40 MP: 3/3
  1882 | D:3      | Reached skill level 4 in Long Blades
  1885 | D:3      | Noticed Natasha
  1893 | D:3      | Killed Natasha
  2588 | D:4      | HP: 2/41 [poisoned by a scorpion]
  2594 | D:4      | Reached XP level 5. HP: 16/47 MP: 4/4
  2958 | D:4      | Reached skill level 5 in Long Blades
  3195 | D:5      | Entered Level 5 of the Dungeon
  3274 | D:5      | Reached XP level 6. HP: 55/55 MP: 5/5
  3289 | D:5      | Noticed Roran's ghost (novice NaTm)
  3290 | D:5      | Found a transporter.
  3336 | D:5      | Found a transporter.
  3400 | D:5      | Reached skill level 5 in Fighting
  3407 | D:5      | Reached skill level 5 in Armour
  3430 | D:5      | Reached skill level 5 in Shields
  3472 | D:5      | Reached skill level 6 in Long Blades
  3768 | D:5      | Found Losakh's Magic Scroll Shoppe.
  3850 | D:5      | Got a steaming ring mail
  3861 | D:5      | Identified the +4 ring mail of Honour {rC++} (You found it
                  | on level 5 of the Dungeon)
  4244 | D:6      | Reached XP level 7. HP: 54/61 MP: 6/6
  4298 | D:6      | Noticed Edmund
  4318 | D:6      | Killed Edmund
  4318 | D:6      | Reached skill level 7 in Long Blades
  4570 | D:6      | Reached skill level 8 in Long Blades
  4576 | D:6      | Reached XP level 8. HP: 70/71 MP: 7/7
  4844 | D:6      | Found a blossoming altar of Fedhas.
  4986 | D:6      | Found a staircase to the Ecumenical Temple.
  5001 | Temple   | Entered the Ecumenical Temple
  5147 | Temple   | Became a worshipper of Warmaster Okawaru
  5286 | D:6      | Found a runed translucent door.
  5287 | D:6      | Noticed Crazy Yiuf
  5293 | D:6      | Killed Crazy Yiuf
  5293 | D:6      | Reached skill level 1 in Dodging
  5395 | D:5      | Killed Roran's ghost
  5395 | D:5      | Reached skill level 9 in Long Blades
  5448 | D:5      | Bought a scroll of brand weapon for 260 gold pieces
  5514 | D:7      | Reached * piety under Okawaru
  5514 | D:7      | Reached skill level 10 in Long Blades
  5654 | D:7      | Reached XP level 9. HP: 53/81 MP: 8/8
  6071 | D:8      | Noticed coffee's ghost (novice SpAK)
  6072 | D:8      | Found a transporter.
  6073 | D:8      | Identified the +11 great mace "Someb" {crush, SInv}
  6076 | D:8      | Found a transporter.
  6090 | D:8      | Reached ** piety under Okawaru
  6121 | D:8      | Reached skill level 11 in Long Blades
  6127 | D:8      | Noticed a two-headed ogre
  6157 | D:8      | Killed a two-headed ogre
  6157 | D:8      | Reached skill level 5 in Dodging
  6232 | D:8      | Reached skill level 12 in Long Blades
  6284 | D:8      | Reached *** piety under Okawaru
  6413 | D:8      | Found a radiant altar of Vehumet.
  6417 | D:8      | Found a shadowy altar of Dithmenos.
  6420 | D:8      | Found a blossoming altar of Fedhas.
  6422 | D:8      | Found a basalt altar of Yredelemnul.
  6637 | D:8      | Killed coffee's ghost
  6637 | D:8      | Reached XP level 10. HP: 55/92 MP: 9/9
  6642 | D:8      | Mangled by an ogre

Skill      XL: |  1  2  3  4  5  6  7  8  9 |
---------------+----------------------------+-----
Long Blades    | 3 4 5 6 8 10 12 | 12.6
Fighting       | 4 5 6 8 9 |  9.7
Armour         | 4 5 |  5.0
Shields        | 4 5 |  5.6
Dodging        | 3 5 |  5.1

Action                   |  1- 3 |  4- 6 |  7- 9 | 10-12 || total
-------------------------+-------+-------+-------+-------++-------
Melee: Long sword        |   107 |   144 |   250 |     2 ||   503
       Headbutt          |    15 |    26 |    51 |       ||    92
  Use: Scroll            |    10 |     6 |     5 |       ||    21
       Potion            |       |     5 |     1 |     1 ||     7
  Eat: Chunk             |     3 |     3 |     1 |       ||     7
       Ration            |       |     2 |     2 |       ||     4
Armor: Scale mail        |    62 |    43 |       |       ||   105
       Ring mail         |       |     1 |    67 |       ||    68
Dodge: Dodged            |    48 |    38 |    90 |     2 ||   178
Block: Shield            |    73 |    76 |   145 |     1 ||   295
       Rpst.: Long sword |    15 |     9 |    40 |     1 ||    65
